 Dungeon Sprint DCSS version 0.26-a0-662-g8b9c6dab81 (webtiles) character file.

Game seed: 4484122736082838580

3654 sahdkjhfkaj the Imperceptible (level 9, -12/39 HPs)
             Began as a Spriggan Enchanter on Oct 9, 2020.
             Was a High Priest of Dithmenos.
             Mangled by a komodo dragon (24 damage)
             ... in the Dungeon (Sprint III: "The Ten Rune Challenge").
             The game lasted 00:03:39 (1507 turns).

sahdkjhfkaj the Imperceptible (Spriggan Enchanter)  Turns: 1507, Time: 00:03:40

Health: -12/39     AC:  2    Str:  4    XL:     9   Next: 88%
Magic:  24/24      EV: 18    Int: 17    God:    Dithmenos [*****.]
Gold:   47         SH:  0    Dex: 19    Spells: 23/29 levels left

rFire    . . .     SeeInvis +   a - +1 dagger
rCold    . . .     Faith    .   (shield restricted)
rNeg     . . .     Spirit   .   b - +0 robe
rPois    .         Reflect  .   (helmet restricted)
rElec    .         Harm     .   (no cloak)
rCorr    .         Rampage  .   (gloves unavailable)
MR       +....     NoTele   +   (boots unavailable)
Stlth    +++++++...             (no amulet)
HPRegen  0.13/turn              (no ring)
MPRegen  0.19/turn              (no ring)

@: wreathed by umbra, slow
A: very small, unfitting armour, see invisible, speed 3
a: Shadow Step, Shadow Form, Renounce Religion


You were in the Dungeon.
You worshipped Dithmenos.
Dithmenos was extremely pleased with you.
You visited 1 branch You collected 47 gold pieces.

Inventory:

Hand Weapons
 a - a +1 dagger (weapon)
Armour
 b - a +0 robe (worn)
Wands
 q - a wand of paralysis (11)
Scrolls
 c - a scroll of fear {unknown}
 j - a scroll of holy word {unknown}
 k - 2 scrolls of identify {unknown}
 l - 2 scrolls of remove curse
 n - a scroll of immolation {unknown}
 o - a scroll of fog {unknown}
Potions
 d - 3 potions of curing
 e - a potion of heal wounds
 f - a potion of haste
 g - 2 potions of magic
 h - 2 potions of berserk rage
 m - a potion of flight {unknown}
 p - 4 potions of mutation
 r - a potion of might


   Skills:
 + Level 9.8 Short Blades
 - Level 3.0 Dodging
 + Level 21.0 Stealth
 + Level 10.9 Spellcasting
 * Level 14.6 Hexes


You had 23 spell levels left.
You knew the following spells:

 Your Spells              Type           Power        Failure   Level
a - Corona                Hex            ######.      1%          1
b - Ensorcelled Hibernat  Hex/Ice        ####..       1%          2
c - Confusing Touch       Hex            ######..     1%          3

Your spell library contained the following spells:

 Spells                   Type           Power        Failure   Level
 Dazzling Flash           Conj/Hex       ####..       1%          3
 Tukima's Dance           Hex            ######..     1%          3
 Animate Skeleton         Necr           #.....       8%          1
 Apportation              Tloc           #.....       8%          1
 Summon Small Mammal      Summ           #...         8%          1


Dungeon Overview and Level Annotations

Branches:
Dungeon (1/1)

Altars:
Cheibriados
Dithmenos
Elyvilon
Fedhas
Gozag
Hepliaklqana
Kikubaaqudgha
Makhleb
Nemelex Xobeh
Okawaru
Qazlal
Ru
Sif Muna
Trog
Uskayaw
Vehumet
Wu Jian
Xom
Yredelemnul
Zin
The Shining One
Beogh
Jiyva
Lugonu


Innate Abilities, Weirdness & Mutations

You are very small and have problems with some larger weapons.
You are too small for most types of armour.
You have supernaturally acute eyesight. (SInv)
You cover ground extremely quickly.


Message History

A komodo dragon and 2 cane toads come into view.
Unknown command.
The komodo dragon bites you!!
Ouch! That really hurt!
You emit a cloud of dark smoke.
The cane toad croaks. x2
There is an open door, spattered with blood here.
Unknown command.
Unknown command.
Unknown command.
Unknown command.
Unknown command.
Unknown command.
Unknown command.
You enter the shallow water.
Moving in this stuff is going to be slow.
Unknown command.
The komodo dragon bites you!!
Ouch! That really hurt!
You die...

≈≈♣.♣..+.⌠.....)).#
≈≈≈≈♣♣.#...######'#
≈≈≈..E.#.⌠.#__#...#+#############
≈≈.....#...#__#...#....#.#.#)....
†......#'###__#...##.#..#.##.###.
.......#.))#__#...'##.#.#.##.#).#
.......#___#__'...#...#..#..##.)'
▓▓▓▓▓▓▓▓▓▓▓▓▓▓▓▓▓▓▓▓▓▓▓▓▓▓▓▓▓▓▓▓#
♣♣l@≈........≈≈≈...#
♣F♣≈≈≈≈≈≈≈≈≈≈≈≈♣♣P.'
#§§♣♣♣♣♣♣♣♣♣♣♣♣♣♣♣♣PP# #§F ♣♣♣#
###


You could see a komodo dragon and a cane toad.

Vanquished Creatures
  Erolcha (D)
  A deep elf mage (D)
  3 wandering mushrooms (D)
  2 redbacks (D)
  A shadow (D)
  A spatial vortex (D)
  A necrophage (D)
  5 two-headed ogres (D)
  A jelly (D)
  A wizard (D)
  Jessica (D)
  A necromancer (D)
  3 humans (D)
  A kobold demonologist (D)
  A wolf (D)
  An ooze (D)
  2 rats (D)
27 creatures vanquished.

Vanquished Creatures (others)
  2 plants (D)
2 creatures vanquished.

Grand Total: 29 creatures vanquished

Notes
Turn   | Place    | Note
-------+----------+-------------------------------------------
     0 | D        | sahdkjhfkaj the Spriggan Enchanter began the quest for the
                  | Orb.
     0 | D        | Reached XP level 1. HP: 9/9 MP: 5/5
     4 | D        | Reached skill level 6 in Stealth
     7 | D        | Reached skill level 7 in Stealth
    11 | D        | Noticed Jessica
    14 | D        | Killed Jessica
    14 | D        | Reached skill level 10 in Stealth
    14 | D        | Reached XP level 2. HP: 13/13 MP: 6/6
    14 | D        | Reached XP level 3. HP: 16/16 MP: 8/8
   356 | D        | Learned a level 2 spell: Ensorcelled Hibernation
   360 | D        | Learned a level 3 spell: Confusing Touch
   462 | D        | Reached skill level 11 in Stealth
   468 | D        | Reached skill level 12 in Stealth
   566 | D        | Noticed a water elemental
   727 | D        | Found a glowing silver altar of Zin.
   728 | D        | Found a glowing golden altar of the Shining One.
   728 | D        | Found a white marble altar of Elyvilon.
   728 | D        | Noticed a deep elf mage
   730 | D        | Killed a deep elf mage
   730 | D        | Reached skill level 17 in Stealth
   730 | D        | Reached skill level 18 in Stealth
   730 | D        | Reached skill level 5 in Spellcasting
   730 | D        | Reached XP level 4. HP: 21/21 MP: 9/12
   730 | D        | Reached XP level 5. HP: 24/24 MP: 9/13
   730 | D        | Reached XP level 6. HP: 28/28 MP: 9/14
   775 | D        | Found a basalt altar of Yredelemnul.
   775 | D        | Found a shadowy altar of Dithmenos.
   775 | D        | Found a sacrificial altar of Ru.
   777 | D        | Reached XP level 7. HP: 32/32 MP: 14/16
   780 | D        | Became a worshipper of Dithmenos the Shadowed
   798 | D        | Found a hide-covered altar of Uskayaw.
   798 | D        | Found a roughly hewn altar of Beogh.
   798 | D        | Found an iron altar of Okawaru.
   798 | D        | Found a bloodstained altar of Trog.
   798 | D        | Found an ornate altar of the Wu Jian Council.
   798 | D        | Noticed a human
   798 | D        | Noticed a human
   801 | D        | Killed a human
   801 | D        | Reached skill level 5 in Short Blades
   802 | D        | Killed a human
   802 | D        | Reached * piety under Dithmenos
   802 | D        | Reached skill level 19 in Stealth
   822 | D        | Found a radiant altar of Vehumet.
   823 | D        | Found a shimmering blue altar of Sif Muna.
   823 | D        | Found an ancient bone altar of Kikubaaqudgha.
   842 | D        | Noticed a shadow
   844 | D        | Killed a shadow
   844 | D        | Reached ** piety under Dithmenos
   844 | D        | Reached skill level 10 in Hexes
   844 | D        | Reached XP level 8. HP: 36/36 MP: 20/20
   851 | D        | Found a blossoming altar of Fedhas.
   851 | D        | Found a stormy altar of Qazlal.
   851 | D        | Found a snail-covered altar of Cheibriados.
   851 | D        | Found a burning altar of Makhleb.
   851 | D        | Found a shimmering altar of Xom.
   852 | D        | Found a hazy altar of Hepliaklqana.
   852 | D        | Found an opulent altar of Gozag.
   852 | D        | Found a sparkling altar of Nemelex Xobeh.
   852 | D        | Found a corrupted altar of Lugonu.
   852 | D        | Found a viscous altar of Jiyva.
   885 | D        | Reached *** piety under Dithmenos
   963 | D        | Noticed a two-headed ogre
   966 | D        | Killed a two-headed ogre
   971 | D        | Noticed a two-headed ogre
   971 | D        | Noticed Erolcha
   973 | D        | Killed Erolcha
   973 | D        | Reached skill level 20 in Stealth
   973 | D        | Reached XP level 9. HP: 39/39 MP: 21/23
   974 | D        | Killed a two-headed ogre
   974 | D        | Reached skill level 10 in Spellcasting
   985 | D        | Reached **** piety under Dithmenos
  1464 | D        | Noticed a wandering mushroom
  1468 | D        | Noticed a wandering mushroom
  1470 | D        | Noticed a wandering mushroom
  1471 | D        | Killed a wandering mushroom
  1476 | D        | Killed a wandering mushroom
  1476 | D        | Reached ***** piety under Dithmenos
  1482 | D        | Killed a wandering mushroom
  1482 | D        | Reached skill level 21 in Stealth
  1504 | D        | Noticed a cane toad
  1504 | D        | Noticed a komodo dragon
  1504 | D        | Noticed a cane toad
  1507 | D        | Mangled by a komodo dragon

Illustrated notes

Levels and vault maps discovered:
D:        dungeon_sprint_mu [sprint_mu_entry_forest, sprint_mu_temple_rooms,
          sprint_mu_d1_spiders, sprint_mu_d2_genie, sprint_mu_d3_branching,
          sprint_mu_orc_legion, sprint_mu_elf_gauntlet, sprint_mu_hive_nellie,
          sprint_mu_lair_fedhas, sprint_mu_vaults_butterflies,
          sprint_mu_slime_circle, sprint_mu_swamp_cave, sprint_mu_shoals_archi,
          sprint_mu_blade_basic, sprint_mu_crypt_lich, sprint_mu_tomb_spiral,
          sprint_mu_vestibule_basic, sprint_mu_gehenna_hellfire,
          sprint_mu_dis_giant, sprint_mu_tartarus_statrot,
          sprint_mu_cocytus_islands, sprint_mu_zot1]

Skill      XL: |  1  2  3  4  5  6  7  8  9 |
---------------+----------------------------+-----
Stealth        | 10 18 19 20 21 | 21.0
Short Blades   | 4 6 8 9 |  9.8
Spellcasting   | 5 7 9 10 | 10.9
Hexes          | 7 10 13 14 | 14.6
Dodging        | |  3.0

Action                   |  1- 3 |  4- 6 |  7- 9 || total
-------------------------+-------+-------+-------++-------
Melee: Dagger            |    27 |     1 |    21 ||    49
 Cast: Ensorcelled Hiber |     7 |       |    13 ||    20
       Confusing Touch   |     1 |       |     1 ||     2
  Use: Scroll            |       |       |     1 ||     1
       Potion            |       |       |     1 ||     1
 Stab: Sleeping          |     7 |     1 |    18 ||    26
       Confused          |       |       |     1 ||     1
Dodge: Dodged            |    18 |       |     3 ||    21

Table legend: (Time is in decaauts)
 A = Elapsed time spent in this place.
 B = Non-inter-level travel time spent in this place.
 C = Inter-level travel time spent in this place.
 D = Time resting spent in this place.
 E = Time spent auto-exploring this place.
 F = Levels seen in this place.
 G = Mean time per level.
                   A        B        C        D        E       F      G
               +--------+--------+--------+--------+--------+-----+--------+
         Total |   1350 |   1333 |     17 |    935 |     92 |   1 | 1350.0 |
       Dungeon |   1350 |   1333 |     17 |    935 |     92 |   1 | 1350.0 |
               +--------+--------+--------+--------+--------+-----+--------+

Top non-repeatable levels by time:
       D: 1350 daAuts
